 Dungeon Crawl Stone Soup version 0.30-a0-996-ga6910c8ee8 (webtiles) character file.

Game seed: 13292611370082068915

308 dialectric the Covered (level 6, 0/39 HPs)
             Began as a Gargoyle Fighter on Apr 4, 2023.
             Was an Initiate of Okawaru.
             Slain by an ice beast (14 damage)
             ... on level 5 of the Dungeon.
             The game lasted 00:03:57 (3308 turns).

dialectric the Covered (Gargoyle Fighter)           Turns: 3308, Time: 00:03:58

Health: 0/39       AC: 15    Str: 21    XL:     6   Next: 40%
Magic:  6/6        EV: 10    Int:  9    God:    Okawaru [......]
Gold:   149        SH:  0    Dex:  9    Spells: 5/5 levels left

rFire   . . .      SeeInvis .    a - +1 long sword
rCold   . . .      Faith    .    (no shield)
rNeg    + . .      Spirit   .    b - +1 scale mail
rPois   ∞          Reflect  .    (no helmet)
rElec   +          Rampage  .    y - +2 cloak
rCorr   .                        (no gloves)
Will    .....                    (no boots) Stlth
                                 (no amulet)
HPRegen 0.26/turn                (no ring)
MPRegen 0.10/turn                (no ring)

@: no status effects
A: sickness immunity, AC +4, negative energy resistance 1, electricity
resistance, torment resistance 1, petrification resistance
a: Renounce Religion


You were on level 5 of the Dungeon.
You worshipped Okawaru.
Okawaru was noncommittal.
You visited 1 branch of the dungeon, and saw 5 of its levels.

You collected 149 gold pieces.

Inventory:

Hand Weapons
 a - a +1 long sword (weapon)
 w - a +0 spectral quarterstaff
 x - a +2 quarterstaff of chaos
Missiles
 m - 5 poisoned darts
 t - 3 curare-tipped darts (quivered)
Armour
 b - a +1 scale mail (worn)
 c - a +0 buckler
 n - a +0 plate armour
 y - a +2 cloak (worn)
Jewellery
 e - a +4 ring of protection
 f - an amulet of reflection
 r - a ring of flight
Wands
 z - a wand of flame (22)
Scrolls
 g - 2 scrolls of magic mapping
 i - a scroll of fear {unknown}
 j - 3 scrolls of identify
 k - 2 scrolls of teleportation {unknown}
 o - 2 scrolls of vulnerability {unknown}
 p - 2 scrolls of blinking {unknown}
 s - a scroll of noise {unknown}
Potions
 d - a potion of might
 h - a potion of brilliance {unknown}
 l - a potion of lignification
 q - a potion of heal wounds {unknown}
 u - a potion of cancellation {unknown}
 v - a potion of magic {unknown}


   Skills:
 + Level 4.4 Fighting
 + Level 4.2 Long Blades
 + Level 4.7 Armour
 + Level 0.7 Dodging
 + Level 0.1 Stealth
 + Level 3.5 Shields


You had 5 spell levels left.
You didn't know any spells.
Your spell library contained the following spells:

 Spells                   Type           Power      Damage    Failure   Level
 Magic Dart               Conj           0%         1d3       71%         1
 Wereblood                Tmut           0%         N/A       85%         2
 Mephitic Cloud           Conj/Pois/Air  0%         N/A       97%         3
 Summon Small Mammal      Summ           Unusable   N/A       N/A         1
 Call Imp                 Summ           Unusable   N/A       N/A         2
 Sublimation of Blood     Necr           Unusable   N/A       N/A         2
 Call Canine Familiar     Summ           Unusable   N/A       N/A         3
 Summon Guardian Golem    Hex/Summ       Unusable   N/A       N/A         3
 Summon Hydra             Summ           Unusable   N/A       N/A         7

Dungeon Overview and Level Annotations

Branches:
Dungeon (5/15)             Temple (0/1) D:4

Altars:
Okawaru
Uskayaw
Yredelemnul

Shops:
D:3 [


Innate Abilities, Weirdness & Mutations

You are immune to sickness and miasma.
Your stone body is resilient. (AC +4)
You are immune to poison.
You resist negative energy. (rN+)
You are resistant to electric shocks. (rElec)
You are resistant to unholy torment.
You are immune to petrification.


Message History

The orc closely misses you.
You closely miss the orc. The orc hits you but does no damage.
The orc closely misses you.
You slash the orc!
You kill the orc!
Okawaru accepts your kill.
No target in view!
No target in view!
No target in view!
No target in view!
No target in view!
No target in view!
Things that are here:
a +0 club; an orc corpse You open the large door.
A centaur and an ice beast come into view.
The centaur shouts!
The centaur wields a +0 shortbow.
The centaur shoots an arrow.
The arrow hits you.
You hear a shout!
There are monsters nearby!
An orc wizard comes into view. It is wielding a +0 dagger.
Found 2 scrolls labelled XYNINA LIEKH.
The centaur shoots an arrow.
The arrow hits you but does no damage.
You hear an angry buzzing noise.
There is a large open door here.
There are monsters nearby!
The centaur shoots an arrow.
The arrow hits you.
A hornet comes into view.
The ice beast hits you. The ice beast freezes you!
The centaur shoots an arrow.
The arrow hits you but does no damage.
The centaur shoots an arrow.
The arrow barely misses you.
The orc wizard casts a spell.
The orc wizard flickers and vanishes!
Deactivating autopickup; reactivate with Ctrl-A.
You hear an angry hiss.
There is a large open door here.
The ice beast attacks as you move away! The ice beast hits you.
The ice beast freezes you!
You die...

#.# #.# ######.#
.....#.# ####.#.#
.....#.##############
...........).........
.......#.####...######..
.#######.# #..Y@.......
.# ..####''########. .#
####........# .#
#..........# .###.#
#............# .....#
..............# ######
...............# ....#
........y....... ....#
...........?....


You could see an ice beast.

Vanquished Creatures
  A black bear (D:4)
  A phantom (D:4)
  Crazy Yiuf (D:2)
  5 adders
  An ufetubus (D:5)
  2 worms
  2 dart slugs
  An orc (D:5)
  7 endoplasms
  4 giant cockroaches (D:2)
  3 goblins
  2 hobgoblins (D:2)
  4 kobolds
  3 quokkas
  3 ball pythons
  3 bats (D:2)
  3 frilled lizards
  7 rats
53 creatures vanquished.

Notes
Turn   | Place    | Note
-------+----------+-------------------------------------------
     0 | D:1      | dialectric the Gargoyle Fighter began the quest for the
                  | Orb.
     0 | D:1      | Reached XP level 1. HP: 14/14 MP: 1/1
   352 | D:1      | Reached XP level 2. HP: 19/19 MP: 2/2
   665 | D:2      | Found a runed translucent door.
   967 | D:2      | Reached XP level 3. HP: 21/23 MP: 3/3
  1447 | D:2      | Noticed Crazy Yiuf
  1572 | D:2      | Reached XP level 4. HP: 21/29 MP: 4/4
  1874 | D:3      | Found Boups's Armour Emporium.
  2024 | D:3      | Found a basalt altar of Yredelemnul.
  2363 | D:4      | Found a staircase to the Ecumenical Temple.
  2393 | D:4      | Found an iron altar of Okawaru.
  2406 | D:4      | Became a worshipper of Warmaster Okawaru
  2487 | D:4      | Noticed a black bear
  2499 | D:4      | Killed a black bear
  2500 | D:4      | Reached XP level 5. HP: 4/33 MP: 5/5
  2630 | D:4      | Found a hide-covered altar of Uskayaw.
  2702 | D:4      | Noticed a phantom
  2718 | D:4      | Killed a phantom
  2719 | D:4      | Reached XP level 6. HP: 32/38 MP: 6/6
  2989 | D:2      | Killed Crazy Yiuf
  3177 | D:5      | Entered Level 5 of the Dungeon
  3302 | D:5      | Noticed an ice beast
  3304 | D:5      | Noticed a hornet
  3308 | D:5      | Slain by an ice beast

Illustrated notes

Levels and vault maps discovered:
D:1:      dpeg_arrival_more_subterranean_lakeside_camping, layout_loops_ring
D:2:      layout_loops_corners, uniq_crazy_yiuf_cottage
D:3:      layout_rooms, lemuel_coloured_pillars_altar, serial_shops,
          nicolae_shop_hallway_plus
D:4:      layout_rooms, mainiacjoe_overflow_paths, mainiacjoe_overflow_alcove_4,
          temple_pool_b, chequers_serial_rivers_micro_b
D:5:      kennysheep_big_flooded_room, layout_basic, lemuel_round_altar,
          kennysheep_little_box

Skill      XL: |  1  2  3  4  5 |
---------------+----------------+-----
Long Blades    | 2 3 4 |  4.2
Armour         | 4 |  4.7
Fighting       | 4 |  4.4
Dodging        | |  0.7
Stealth        | |  0.1
Shields        | |  3.5

Action                     |  1- 3 |  4- 6 || total
---------------------------+-------+-------++-------
  Melee: Long sword        |   113 |    77 ||   190
         Punch             |     3 |       ||     3
  Throw: Dart              |       |     1 ||     1
    Use: Scroll            |     2 |     3 ||     5
         Potion            |       |     1 ||     1
 Armour: Scale mail        |    86 |    53 ||   139
  Dodge: Dodged            |    70 |    36 ||   106

Table legend: (Time is in decaauts)
 A = Elapsed time spent in this place.
 B = Non-inter-level travel time spent in this place.
 C = Inter-level travel time spent in this place.
 D = Time resting spent in this place.
 E = Time spent auto-exploring this place.
 F = Levels seen in this place.
 G = Mean time per level.
                   A        B        C        D        E       F      G
               +--------+--------+--------+--------+--------+-----+--------+
         Total |   3346 |   3005 |    341 |      0 |   2474 |   5 |  669.2 |
       Dungeon |   3346 |   3005 |    341 |      0 |   2474 |   5 |  669.2 |
               +--------+--------+--------+--------+--------+-----+--------+

Top non-repeatable levels by time:
     D:2: 1360 daAuts
     D:4: 674 daAuts
     D:1: 657 daAuts
     D:3: 522 daAuts
     D:5: 132 daAuts
